 Dungeon Crawl Stone Soup version 0.26-a0-651-gb41185065b (webtiles) character file.

Game seed: 6981817897464782066

16 Lanoc the Grave Robber (level 2, 0/19 HPs)
             Began as a Merfolk Necromancer on Oct 6, 2020.
             Slain by a bat (1 damage)
             ... on level 2 of the Dungeon.
             The game lasted 00:00:49 (401 turns).

Lanoc the Grave Robber (Merfolk Necromancer)         Turns: 401, Time: 00:00:50

Health: 0/19       AC:  2    Str:  8    XL:     2   Next: 54%
Magic:  1/5        EV: 13    Int: 14    God:
Gold:   18         SH:  0    Dex: 14    Spells: 4/5 levels left

rFire    . . .     SeeInvis .   e - +0 short sword
rCold    . . .     Faith    .   (no shield)
rNeg     . . .     Spirit   .   a - +0 robe
rPois    .         Reflect  .   (no helmet)
rElec    .         Harm     .   (no cloak)
rCorr    .         Rampage  .   (no gloves)
MR       .....                  (no boots)
Stlth    ++........             (no amulet)
HPRegen  0.06/turn              (no ring)
MPRegen  0.09/turn              (no ring)

@: no status effects
A: change form in water, swift swim, stealthy swim
a: no special abilities


You were on level 2 of the Dungeon.
You visited 1 branch of the dungeon, and saw 2 of its levels.

You collected 18 gold pieces.

Inventory:

Hand Weapons
 e - a +0 short sword (weapon)
Armour
 a - a +0 robe (worn)
Scrolls
 b - a scroll of identify {unknown}
 d - a scroll of blinking {unknown}
Potions
 c - a potion of mutation {unknown}


   Skills:
 + Level 3.2 Dodging
 - Level 2.1 Stealth
 - Level 2.0 Spellcasting
 * Level 3.6 Necromancy


You had 4 spell levels left.
You knew the following spells:

 Your Spells              Type           Power        Failure   Level
a - Pain                  Necr           ##..         5%          1

Your spell library contained the following spells:

 Spells                   Type           Power        Failure   Level
 Animate Skeleton         Necr           ##....       5%          1
 Vampiric Draining        Necr           ##........   16%         3
 Animate Dead             Necr           ##........   45%         4
 Agony                    Necr           ##......     82%         5


Dungeon Overview and Level Annotations

Branches:
Dungeon (2/15)

Altars:
Okawaru


Message History

The quokka closely misses you. The hobgoblin hits you with a +0 club.
* * * LOW HITPOINT WARNING * * *
Found a scroll labeled LOS DOFEUGIUST.
A worm comes into view.
The quokka closely misses you.
You hit the quokka.
The quokka is severely wounded.
The quokka barely misses you.
Casting: Pain (safe; 5% risk of failure)
Confirm with . or Enter, or press ? or * to list all spells.
Aiming: Pain (safe; 5% risk of failure)
Press: ? - help, Shift-Dir - straight line, f - quokka
Aim: a quokka (severely wounded, chance to defeat MR: 80%)
The quokka writhes in agony.
You kill the quokka!
A bat comes into view.
The bat barely misses you. The bat hits you.
You die...

#.†_..#
##l#
#.#.### ...
#...##...
...
#......#
..l.
##†######
.... ##..#
.....
##l.##
#######g..#
#.....@.###
#....b..#
#.....w.#
#.....###
#.....
#.....
#.....
#.....


You could see a worm, a hobgoblin, a bat and a frilled lizard.

Vanquished Creatures
  A leopard gecko (D:2)
  A giant cockroach (D:1)
  2 goblins (D:1)
  4 jackals (D:2)
  A quokka (D:2)
  2 frilled lizards
  2 rats
13 creatures vanquished.

Notes
Turn   | Place    | Note
-------+----------+-------------------------------------------
     0 | D:1      | Lanoc the Merfolk Necromancer began the quest for the Orb.
     0 | D:1      | Reached XP level 1. HP: 13/13 MP: 3/3
   119 | D:2      | Found an iron altar of Okawaru.
   309 | D:2      | Reached XP level 2. HP: 18/19 MP: 1/5
   401 | D:2      | Slain by a bat

Illustrated notes

Levels and vault maps discovered:
D:1:      lemuel_arrival_hallway, layout_rooms, serial_bayou_pond_b
D:2:      layout_rooms, lemuel_crystal_altar,
          hangedman_abyss_or_decor_lesser_grid

Skill      XL: |  1 |
---------------+----+-----
Dodging        | 3 |  3.2
Stealth        | |  2.1
Spellcasting   | |  2.0
Necromancy     | |  3.6

Action                   || total
-------------------------++-------
Melee: Short sword       ||    14
       Unarmed           ||     2
 Cast: Pain              ||    17
Armor: Robe              ||     3
Dodge: Dodged            ||    21

Table legend: (Time is in decaauts)
 A = Elapsed time spent in this place.
 B = Non-inter-level travel time spent in this place.
 C = Inter-level travel time spent in this place.
 D = Time resting spent in this place.
 E = Time spent auto-exploring this place.
 F = Levels seen in this place.
 G = Mean time per level.
                   A        B        C        D        E       F      G
               +--------+--------+--------+--------+--------+-----+--------+
         Total |    401 |    401 |      0 |      0 |    314 |   2 |  200.5 |
       Dungeon |    401 |    401 |      0 |      0 |    314 |   2 |  200.5 |
               +--------+--------+--------+--------+--------+-----+--------+

Top non-repeatable levels by time:
     D:2: 282 daAuts
     D:1: 119 daAuts
